 Dungeon Crawl Stone Soup version 0.19.0-2-gae57169 (webtiles) character file.

27 RobertPalmer the Cudgeler (level 3, -1/37 HPs)
             Began as a Halfling Abyssal Knight on Nov 6, 2016.
             Was a Believer of Lugonu.
             Killed by divine providence
             ... invoked by an orc priest
              (13 damage)
             ... on level 3 of the Dungeon.
             The game lasted 00:02:09 (834 turns).

RobertPalmer the Cudgeler (Halfling Abyssal Knight)  Turns: 834, Time: 00:02:10

Health: -1/37      AC: 21    Str: 13    XL:     3   Next: 25%
Magic:  4/4        EV:  3    Int: 16    God:    Lugonu [**....]
Gold:   76         SH:  0    Dex: 13    Spells: 0 memorised, 2 levels left

rFire  . . .     SeeInvis .     a - +1 mace
rCold  . . .     Gourm    .     (armour currently unavailable)
rNeg   + + +     Faith    .     (shield restricted)
rPois  +         Spirit   .     (helmet currently unavailable)
rElec  .         Reflect  .     (cloak currently unavailable)
rCorr  .         Harm     .     (gloves currently unavailable)
MR     +....     NoTele   +     (boots currently unavailable)
Stlth  +.........               (no amulet)
                                (no ring)
                                q - ring of protection from magic {MR+, !d}

@: brilliant, tree-form
A: mutation resistance 1
a: Depart the Abyss, Bend Space, Renounce Religion


You were on level 3 of the Dungeon.
You worshipped Lugonu.
Lugonu was pleased with you.
You were not hungry.
You were a tree.
You visited 1 branch of the dungeon, and saw 3 of its levels.
You visited the Abyss 1 time.

You collected 76 gold pieces.

Inventory:

Hand Weapons
 a - a +1 mace (weapon)
Missiles
 i - 78 stones (quivered)
Armour
 d - a +0 ring mail (melded)
   (You found it on level 1 of the Abyss)
 g - a +0 helmet (melded)
   (You found it on level 1 of the Dungeon)
Jewellery
 q - a ring of protection from magic (left branch) {MR+, !d}
   (You found it on level 3 of the Dungeon)
Scrolls
 e - 2 scrolls of teleportation {unknown}
 f - 3 scrolls of identify
 h - 4 scrolls of remove curse {unknown}
 l - a scroll of noise {unknown}
 n - a scroll of random uselessness {unknown}
Comestibles
 c - 2 bread rations {@e1}
 j - a beef jerky
 m - 2 chunks of flesh {@w0}
 p - 4 fruits


   Skills:
 - Level 2.6 Fighting
 + Level 3.1 Maces & Flails
 - Level 2.1 Armour
 - Level 1.1 Dodging
 - Level 2.0 Invocations


You had 2 spell levels left.
You didn't know any spells.

Dungeon Overview and Level Annotations

Branches:
Dungeon (2/15)

Altars:
Cheibriados


Innate Abilities, Weirdness & Mutations

You are small and have problems with some larger weapons.
You are somewhat resistant to further mutation.


Message History

Moving in this stuff is going to be slow.
The dart slug bites you.
You take 1 damage, and have 20/25 hp.
You hit the dart slug.
The dart slug bites you but does no damage.
You hit the dart slug.
Your unstable footing causes you to fumble your attack.
The dart slug splashes around in the water.
Your unstable footing causes you to fumble your attack.
The dart slug launches a dart at you. The slug dart misses you.
Your unstable footing causes you to fumble your attack.
The dart slug launches a dart at you. The slug dart misses you.
You hit the dart slug.
You kill the dart slug!
Lugonu accepts your kill.
No target in view!
You see here a dart slug corpse.
You butcher the dart slug corpse.
m - 3 chunks of flesh {@w0} (gained 2)
q - a knobbly ivory ring
As you read the scroll labeled ZEXKYTHR LEOL, it crumbles to dust.
It is a scroll of identify.
q - an uncursed ring of protection from magic Put on which piece of jewellery? (? for menu, Esc to quit)
q - a ring of protection from magic (left hand) {MR+, !d} A ball python comes into view.
The ball python hisses angrily.
A ball python is nearby!
A ball python is nearby!
A ball python is nearby!
You barely miss the ball python. The ball python barely misses you.
The ball python grabs you. The ball python constricts you.
You hit the ball python.
You kill the ball python!
Lugonu accepts your kill.
No target in view!
Some of the chunks of flesh in your inventory have rotted away.
Things that are here:
a chain mail; a short sword
Found a stone staircase leading up.
i - 78 stones (gained 25)
You see here a robe.
Found a stone staircase leading down.
Health restored: 25
f - 3 scrolls of identify (gained 1)
An orc priest comes into view. It is wielding a flail.
The orc priest shouts!
The orc priest calls down the wrath of Beogh upon you.
Pain shoots through your body!
You take 3 damage, and have 22/25 hp.
The orc priest invokes the aid of Beogh against you.
Pain shoots through your body!
You take 8 damage, and have 14/25 hp.
MASSIVE DAMAGE!!
A rat and a giant cockroach come into view.
You barely miss the rat. The rat misses you.
The rat bites you but does no damage.
Unknown command.
You closely miss the orc priest. The rat bites you.
The orc priest calls down the wrath of Beogh upon you.
Pain shoots through your body!
* * * LOW HITPOINT WARNING * * *
You take 11 damage, and have 4/25 hp.
MASSIVE DAMAGE!!
It was a potion of lignification.
You turn into a tree.
Your +0 helmet melds into your body.
Your +0 ring mail melds into your body.
Your roots penetrate the ground.
The rat barely misses you.
The orc priest hits you but does no damage.
An orc comes into view.
You now have 6/37 hp.
The orc shouts!
You sock the orc priest!
You hear a shout!
The rat bites you but does no damage.
The orc priest hits you but does no damage.
You hit the orc priest but do no damage.
The rat bites you but does no damage. x2
You closely miss the orc. The rat bites you but does no damage.
The orc hits you but does no damage.
Unknown command.
It was a potion of brilliance.
You feel clever all of a sudden. The rat bites you but does no damage.
The orc hits you but does no damage.
It was a potion of curing.
You feel better. The rat bites you but does no damage.
The orc hits you but does no damage.
An orc priest comes into view. It is wielding a short sword.
You regained 6 hp, and now have 12/37 hp.
You closely miss the orc. The rat bites you but does no damage.
The orc barely misses you.
An orc wizard comes into view. It is wielding a dagger of venom.
You hit the orc but do no damage.
The orc priest looks satisfied for a moment.
The rat bites you but does no damage. The orc hits you but does no damage.
You hit the orc.
The orc priest calls down the wrath of Beogh upon you.
Beogh smites you!
You die...

#######.........###
.........>... ....
............###.###
### .....
#...##..... ..#
#.$###......########
#<#
#.o....o...........#
#.#
#.#####o....######[#
#.# o. #o##### #.#
#.# ## #♣# #.###.#
#r# #.....#
...s.)os.# ###....
#######..# #.#..
#..# #.#.. ...#
#.### ..## #.# ###
#.# # #.# #


You could see 2 orc priests, an orc wizard, an orc, a giant cockroach and a rat.

Vanquished Creatures
  2 dart slugs
  A leopard gecko (D:1)
  2 ball pythons
  A giant cockroach (D:1)
  2 hobgoblins (D:1)
  4 bats (D:1)
  2 frilled lizards (D:1)
  2 goblins
  3 kobolds (D:1)
  4 rats (D:1)
23 creatures vanquished.

Notes
Turn   | Place    | Note
-------+----------+-------------------------------------------
     0 | Abyss:1  | RobertPalmer the Halfling Abyssal Knight began the quest for the Orb.
     0 | Abyss:1  | Reached XP level 1. HP: 15/15 MP: 2/2
    62 | D:1      | Escaped the Abyss
   122 | D:1      | Reached skill level 2 in Maces & Flails
   193 | D:1      | Reached XP level 2. HP: 20/20 MP: 3/3
   548 | D:1      | Reached XP level 3. HP: 25/25 MP: 4/4
   674 | D:1      | Reached ** piety under Lugonu
   674 | D:1      | Reached skill level 3 in Maces & Flails
   699 | D:2      | You fall through a shaft!
   737 | D:3      | Found a snail-covered altar of Cheibriados.
   825 | D:3      | HP: 4/25 [orc priest/nerve-wracking pain (10)]
   834 | D:3      | Killed from afar by an orc priest

Skill      XL: |  1  2  3 |
---------------+----------+-----
Maces & Flails | 2 3 |  3.1
Fighting       | |  2.6
Armour         | |  2.1
Dodging        | |  1.1
Invocations    | |  2.0

Action                   || total
-------------------------++-------
Melee: Mace              ||    77
  Use: Potion            ||     3
       Scroll            ||     1
Armor: Ring mail         ||    28
       Skin              ||    14
Dodge: Dodged            ||    52

Vault maps used:
D:1:      lightli_arrival_statue_moat
D:3:      kennysheep_slug_shrine

Table legend:
 A = Turns spent in this place as a percentage of turns spent in the entire game.
 B = Non-inter-level travel turns spent in this place as a percentage of non-inter-level travel turns spent in the entire game.
 C = Inter-level travel turns spent in this place as a percentage of turns spent in this place.
 D = Turns resting spent in this place as a percentage of non-inter-level travel turns spent in this place.
 E = Turns spent auto-exploring this place as a percentage of non-inter-level travel turns spent in this place.
 F = Non-inter-level travel turns spent in this place divided by the number of levels of this place that you've seen.
                   A       B       C       D       E      F
               +-------+-------+-------+-------+-------+----------------------
         Total | 100.0 | 100.0 |   0.2 |   1.5 |   8.7 | 101.0
       Dungeon |  84.4 |  84.4 |   0.3 |   1.8 |  10.3 | 113.7
         Abyss |  15.6 |  15.6 |   0.0 |   0.0 |   0.0 |  63.0
               +-------+-------+-------+-------+-------+----------------------

Table legend:
 A = Kills in this place as a percentage of kills in entire the game.
 B = Kills by you in this place as a percentage of kills by you in the entire game.
 C = Kills by friends in this place as a percentage of kills by friends in the entire game.
 D = Other kills in this place as a percentage of other kills in the entire game.
 E = Experience gained in this place as a percentage of experience gained in the entire game.
 F = Experience gained in this place divided by the number of levels of this place that you have seen.
                   A       B       C       D       E      F
               +-------+-------+-------+-------+-------+----------------------
         Total | 100.0 | 100.0 |  -nan |  -nan | 100.0 |   9.8
       Dungeon | 100.0 | 100.0 |  -nan |  -nan | 100.0 |  13.0
               +-------+-------+-------+-------+-------+----------------------
